 Dungeon Crawl Stone Soup version 0.17.1-1-g73c8601 (webtiles) character file.

212 Goblin1989 the Insei (level 5, -1/41 HPs)
             Began as a Demonspawn Monk on Jan 8, 2016.
             Killed from afar by an orc wizard (7 damage)
             ... with a puff of flame
             ... on level 4 of the Dungeon.
             The game lasted 00:08:33 (2689 turns).

Goblin1989 the Insei (Demonspawn Monk)              Turns: 2689, Time: 00:08:33

Health: -1/41      AC:  7    Str: 13    XL:     5   Next: 58%
Magic:  5/5        EV: 11    Int: 11    God:
Gold:   156        SH:  0    Dex: 15    Spells: 0 memorised, 4 levels left

rFire  . . .     SeeInvis .       - Unarmed
rCold  . . .     Clarity  .     i - +0 ring mail
rNeg   . . .     SustAt   .     (no shield)
rPois  .         Gourm    .     (no helmet)
rElec  .         Spirit   .     (no cloak)
rCorr  .         Warding  .     (no gloves)
rMut   .         Stasis   .     (no boots)
MR     .....                    (no amulet)
Stlth  +.........               (no ring)
                                (no ring)

@: not resistant to hostile enchantments, very unstealthy
A: claws 1, yellow scales 1, powered by death 1
a: no special abilities


You were on level 4 of the Dungeon.
You were very hungry.

You visited 1 branch of the dungeon, and saw 4 of its levels.

You collected 156 gold pieces.

Inventory:

Hand Weapons
 b - a +0 blowgun
Missiles
 g - 13 poisoned needles
 o - 5 tomahawks (quivered)
Armour
 i - a +0 ring mail (worn)
Magical Staves
 j - an uncursed staff of power
Scrolls
 e - 4 scrolls of enchant weapon {unknown}
 f - a scroll of identify {unknown}
 h - 3 scrolls of teleportation {unknown}
 k - a scroll of remove curse {unknown}
 l - 3 scrolls of enchant armour {unknown}
 q - a scroll of random uselessness {unknown}
Potions
 c - a potion of curing {unknown}
 d - 3 potions of flight {unknown}
 m - a potion of haste {unknown}
Comestibles
 a - a meat ration
 n - 2 bread rations
 p - a beef jerky


   Skills:
 - Level 3.0 Fighting
 - Level 2.6 Dodging
 - Level 1.7 Stealth
 * Level 6.3 Unarmed Combat


You had 4 spell levels left.
You didn't know any spells.

Dungeon Overview and Level Annotations

Branches:
Dungeon (4/15)
 Temple: D:4-7

Altars:
Nemelex Xobeh


Innate Abilities, Weirdness & Mutations

You have sharp fingernails.
You are partially covered in yellow scales (AC +2).
You regenerate a little health from kills.


Message History

The orc wizard gestures at you while chanting.
The magic dart hits you!
* * * LOW HITPOINT WARNING * * *
The orc wizard hits you but does no damage.
You closely miss the orc wizard.
The orc wizard hits you but does no damage.
The orc wizard gestures at you while chanting.
The puff of flame misses you.
You closely miss the orc wizard. The orc wizard casts a spell at you.
The puff of flame hits you!
* * * LOW HITPOINT WARNING * * *
The orc wizard misses you.
The orc wizard hits you but does no damage.
You barely miss the orc wizard. The orc wizard barely misses you.
The orc wizard hits you but does no damage.
You completely miss the orc wizard.
The orc wizard points at you and mumbles some strange words.
The puff of flame hits you!
You die...

.. ######## #.....#
#......######.....#
#.................#
#............(....#
#.................#
#.................#
#.............o...#
##+#..<.........@)...#
..........###'###o......
..........#.....#.......
..........#.....#.......
....#######.....#.......
....# #....##.......
....# #....# .....##
##'## .....# .....#
....# #.....#


You could see 2 orc wizards.

Vanquished Creatures
  An iguana (D:4)
  2 orc priests
  3 gnolls (D:2)
  5 adders
  4 worms
  6 orcs
  7 bats
  A hobgoblin (D:2)
  5 jackals (D:3)
  3 kobolds
  A ball python (D:4)
  3 giant newts
  5 goblins
  8 rats
54 creatures vanquished.

Notes
Turn   | Place    | Note
--------------------------------------------------------------
     0 | D:1      | Goblin1989 the Demonspawn Monk began the quest for the Orb.
     0 | D:1      | Reached XP level 1. HP: 18/18 MP: 1/1
    84 | D:1      | Reached skill level 4 in Unarmed Combat
   110 | D:1      | Gained mutation: You have sharp fingernails. [demonic ancestry]
   110 | D:1      | Reached XP level 2. HP: 2/24 MP: 2/2
   870 | D:2      | Gained mutation: You are partially covered in yellow scales (AC +2). [demonic ancestry]
   870 | D:2      | Reached XP level 3. HP: 26/29 MP: 3/3
  1221 | D:3      | Reached skill level 5 in Unarmed Combat
  1403 | D:2      | Gained mutation: You regenerate a little health from kills. [demonic ancestry]
  1403 | D:2      | Reached XP level 4. HP: 27/35 MP: 4/4
  1857 | D:3      | Reached XP level 5. HP: 36/41 MP: 5/5
  2493 | D:4      | Found a sparkling altar of Nemelex Xobeh.
  2546 | D:4      | Reached skill level 6 in Unarmed Combat
  2685 | D:4      | HP: 2/41 [orc wizard/magic dart (4)]
  2689 | D:4      | Killed from afar by an orc wizard

Action                   |  1- 3 |  4- 6 || total
-------------------------+-------+-------++-------
Melee: Unarmed           |   104 |    96 ||   200
 Stab: Sleeping          |     3 |       ||     3
  Eat: Chunk             |     1 |     2 ||     3
       Beef jerky        |       |     1 ||     1
